Ben, chaotic male elven Wizard ---- ---- ------- |..| |..| ----- ---- --..--.-- |..-- ---..| |...-- |..---- |.......| |-.^--- |...------ |....| # ......| |.......| ------|.....---- ---.--- |..--- --...| # # # ......-- |....------.--.--.--.....| |...| |....----..-| # #-..----- .......| |....| |........||.....-----.-------.....--....|# -....|.-- ......-- |.|.-| |......----......--...-.--..........-.).. ........--.%.---- |.|..| ---......| |.^.(..........................- --.%..........| |.|-----...>..--- -..........-.-..... ......)-- -.............- |.| --^......| |.........--- ....(| ...[.%(.)[..... |.---|....(..-- |......^..| -....- ............... |...-|.......----|........-- ........... ---..---......|.--.---....| ..... |...|............---....-------------- ...- |..--.---...........................^| --^...| ---.....--------.......---.-.--- --..--- ---.-- ---.............-- |...| --- --........|...----..--------- ----- ---.|.|.---...............@G ------- ----------------- Ben the Thaumaturge Experience level: 6 Strength: 10 Dexterity: 14 Constitution: 16 Intelligence: 15 Wisdom: 9 Charisma: 8 Health: 0(57) Energy: 74(74) AC: 6 Gold: 275 Moves: 2384 Your Inventory: Coins $ - 275 gold pieces Weapons a - a blessed +1 quarterstaff (weapon in hands) Armor b - an uncursed +1 cloak of magic resistance (being worn) z - a [blessed] +0 pair of hard shoes [iron] (being worn) Scrolls i - an uncursed scroll of taming j - 2 uncursed scrolls of food detection s - an [uncursed] scroll of teleportation t - an [uncursed] scroll labeled AQUE BRAGH [of remove curse] w - 2 [uncursed] scrolls labeled ZELGO MER [of light] Spellbooks l - a blessed spellbook of force bolt m - an uncursed spellbook of charm monster q - an [uncursed] spellbook of protection Potions f - an uncursed potion of see invisible g - an uncursed potion of sickness h - an uncursed potion of confusion Rings d - an uncursed ring of see invisible (on right hand) e - an uncursed ring of polymorph control x - an [uncursed] diamond ring [of sustain ability] Wands c - an uncursed wand of make invisible (0:6) Tools n - an uncursed wooden flute Gems p - an [uncursed] green gem [worthless glass] u - an [uncursed] yellow gem [worthless glass] y - an [uncursed] orange gem [worthless glass] A - an [uncursed] black gem [jet] Spells known in the end: Name Level Category Fail Memory a - force bolt 1 attack 0% [||||||||] b - charm monster 3 enchantment 5% [||||||||] c - protection 1 clerical 0% [||||||||] Your skills at the end: Fighting Skills Weapon Skills quarterstaff [Basic / Expert] Spellcasting Skills attack spells [Basic / Expert] enchantment spells [Basic / Skilled] Final Attributes: You were piously aligned. Hunger level was -20. Your alignment was 20 / 21. Monster difficulty range was 0 - 5. Level difficulty was 4. You were immune to sleep. You were magic-protected. You saw invisible. You had infravision. You were invisible to others. Your luck was zero. You are dead. Vanquished creatures: a leprechaun 2 water nymphs an enormous rat a yellow light a floating eye a kitten 3 dwarves a wererat an iguana an acid blob a coyote 4 giant rats 2 cave spiders a brown mold a red mold 15 gnomes 3 geckos 2 jackals a fox a kobold a sewer rat a grid bug 2 bats 2 lichens 7 newts 57 creatures vanquished. Voluntary challenges: You were an atheist. You used a wielded weapon 56 times. You read items or engraved 6 times. You put on armor 8 times. You never genocided any monsters. You never polymorphed an object. You never changed form. You used no wishes. You never wrote Elbereth's name. You never encountered a bones level. You never used any Sokoban shortcuts. Dungeon overview: The Dungeons of Doom: levels 1 to 3 Level 1 an altar a long staircase Level 3 stairs to The Gnomish Mines The Gnomish Mines: Level 4 <- You were here stairs to The Dungeons of Doom History has recorded: On T:1 you entered the Dungeons of Doom to retrieve the Amulet of Yendor! On T:198 you advanced to experience level 2. On T:371 you advanced to experience level 3. On T:526 you reached level 2 of The Dungeons of Doom. On T:972 you advanced to experience level 4. On T:1101 you reached level 3 of The Dungeons of Doom. On T:1206 you advanced to experience level 5. On T:1605 you reached level 1 of The Gnomish Mines. On T:1618 you advanced to experience level 6. Latest messages: You faint from lack of food. The gnome lord swings his crossbow. The gnome lord hits! [HP-2=41] The gnome lord swings his crossbow. The gnome lord hits! [HP-9=32] The gnome lord swings his crossbow. The gnome lord hits! [HP-8=24] The gnome lord swings his crossbow. The gnome lord hits! [HP-5=19] The gnome lord swings his crossbow. The gnome lord hits! [HP-2=17] The gnome lord swings his crossbow. The gnome lord hits! [HP-9=8] The gnome lord swings his crossbow. The gnome lord hits! You die... Final status: Goodbye Ben the Wizard... You died in The Gnomish Mines on dungeon level 4 with 1888 points, and 275 pieces of gold, after 2384 moves. You were level 6 with a maximum of 57 hit points when you died.